Map: Oxide LE

Players

StepSister - Winner!

  • Race: Protoss Protoss
  • League: Diamond
  • Spawn Location: 1:00

SureShot

  • Race: Terran Terran
  • League: Diamond
  • Spawn Location: 7:00

VOD

Have the link to the VOD?

Description

Time

  • Played on: Dec. 27, 2020, 4:21 p.m.
  • Length: 6:30
Show
View Real Time Build Order
Export as new Build Order

StepSister Protoss - Winner!

Build Orders: 1 Gate Expand 

Get SALT Encoding   

  12  0:01  Probe  
  13  0:13  Probe  
  14  0:19  Pylon  
  14  0:25  Probe  
  15  0:37  Probe (Chrono Boost)  
  15  0:38  Gateway  
  16  0:49  Probe (Chrono Boost)  
  17  0:50  Assimilator  
  17  0:56  Probe (Chrono Boost)  
  18  1:03  Probe  
  19  1:15  Probe  
  20  1:25  Nexus  
  20  1:35  Cybernetics Core  
  20  1:37  Probe  
  21  1:42  Assimilator  
  21  1:49  Probe  
  21  1:54  Pylon  
  22  2:01  Probe  
  23  2:09  Stalker (Chrono Boost)  
  23  2:14  Warp Gate  
  25  2:16  Probe  
  26  2:28  Probe  
  27  2:33  Robotics Facility  
  27  2:40  Probe  
  28  2:44  Stalker  
  28  2:45  Probe  
  31  2:52  Probe  
  31  2:57  Probe  
  33  3:04  Probe  
  34  3:09  Probe  
  35  3:16  Probe  
  36  3:21  Observer (Chrono Boost), Probe  
  36  3:24  Robotics Bay  
  38  3:29  Probe  
  38  3:31  Pylon  
  38  3:33  Probe  
  40  3:39  Warp Prism (Chrono Boost)  
  40  3:41  Probe  
  43  3:46  Probe  
  43  3:47  Stalker (Chrono Boost)  
  44  3:53  Probe  
  47  3:58  Probe  
  47  4:01  Gateway x2  
  47  4:02  Disruptor  
  48  4:05  Probe  
  48  4:07  Pylon  
  49  4:15  Gravitic Drive (Chrono Boost), Probe  
  53  4:17  Probe  
  53  4:18  Assimilator  
  54  4:34  Probe x2  
  54  4:37  Stalker  
  58  4:50  Probe x2  
  60  4:56  Stalker  
  62  5:05  Pylon  
  62  5:23  Probe x2  
  64  5:31  Twilight Council  
  64  5:42  Probe x2  
  66  5:46  Stalker  
  66  5:47  Assimilator, Stalker  
  70  5:55  Gateway  
  70  5:56  Gateway  
  70  5:59  Pylon  
  70  6:00  Pylon  
  70  6:10  Probe  
  70  6:17  Probe  
  77  6:27  Zealot x3  
Show
View Real Time Build Order
Export as new Build Order

SureShot Terran 

Build Orders: Reaper Expand 

Get SALT Encoding   

  12  0:00  SCV  
  13  0:12  SCV  
  14  0:17  Supply Depot  
  14  0:25  SCV  
  15  0:39  SCV  
  15  0:40  Barracks  
  16  0:45  Refinery  
  16  0:51  SCV  
  17  1:03  SCV  
  18  1:15  SCV  
  19  1:28  Reaper, Orbital Command  
  20  1:53  Command Center  
  20  1:58  SCV  
  20  2:00  Marine  
  22  2:08  Factory  
  22  2:13  SCV  
  23  2:16  Supply Depot  
  23  2:20  Bunker  
  23  2:26  Barracks Reactor  
  23  2:34  Refinery  
  23  2:37  SCV  
  24  2:49  SCV  
  25  2:53  Widow Mine  
  27  3:01  SCV  
  27  3:02  Marine  
  27  3:03  Marine  
  27  3:05  Starport  
  30  3:06  Orbital Command  
  30  3:15  Widow Mine  
  30  3:19  SCV  
  33  3:20  Marine x2  
  35  3:31  SCV  
  35  3:33  SCV  
  37  3:36  Widow Mine, Supply Depot  
  37  3:38  Marine x2  
  41  3:43  SCV  
  41  3:48  Engineering Bay  
  42  3:49  Starport Tech Lab  
  42  3:51  Medivac  
  44  3:56  Marine  
  44  3:57  Marine  
  44  3:58  Factory Tech Lab  
  46  4:06  SCV x2  
  46  4:09  Supply Depot  
  48  4:15  Barracks  
  48  4:23  Starport Tech Lab  
  48  4:28  Barracks  
  48  4:40  Siege Tank, Marine x2  
  48  4:42  SCV x2  
  48  4:43  Raven  
  57  4:49  Refinery  
  57  4:52  Supply Depot  
  57  4:59  Marine x2  
  59  5:03  SCV  
  59  5:04  SCV  
  61  5:15  SCV  
  61  5:16  SCV  
  63  5:22  Barracks Tech Lab  
  63  5:28  SCV x2  
  65  5:36  Siege Tank  
  65  5:39  Starport Reactor  
  65  5:40  SCV x2  
  62  5:52  SCV x2, Marine x3  
  67  5:59  Missile Turret  
  67  6:01  Missile Turret  
  67  6:04  Marauder, SCV  
  70  6:11  Supply Depot  
  70  6:22  Supply Depot  
Tags
 
Add a new tag
Caveats
  • Supply blocks, unpowered buildings, or Contaminate may cause inaccurate times.
  • Supply counts are checked every 10 seconds.